 Dungeon Crawl Stone Soup version 0.26-a0-651-gb41185065b (webtiles) character file.

Game seed: 638781958776186362

2744 Flugslaktarn the Cleaver (level 9, 0/81 HPs)
             Began as a Deep Dwarf Fighter on Oct 26, 2020.
             Was a Believer of Makhleb.
             Slain by a shadow wraith (9 damage)
             ... on level 7 of the Dungeon.
             The game lasted 00:02:27 (2625 turns).

Flugslaktarn the Cleaver (Deep Dwarf Fighter)       Turns: 2625, Time: 00:02:28

Health: 0/81       AC: 10    Str: 20    XL:     9   Next: 41%
Magic:  11/11      EV:  6    Int:  9    God:    Makhleb [**....]
Gold:   188        SH: 10    Dex: 15    Spells: 8/8 levels left

rFire    . . .     SeeInvis .   g - +3 hand axe (elec)
rCold    . . .     Faith    .   c - +0 kite shield
rNeg     . . .     Spirit   .   w - +0 chain mail
rPois    .         Reflect  .   (no helmet)
rElec    .         Harm     .   (no cloak)
rCorr    .         Rampage  .   (no gloves)
MR       +....                  (no boots)
Stlth    ..........             (no amulet)
HPRegen  0.00/turn              (no ring)
MPRegen  0.12/turn              (no ring)

@: non-regenerating, slowed, very slow
A: damage resistance, heal wounds, sense surroundings 2, no regeneration
a: Heal Wounds, Minor Destruction, Renounce Religion


You were on level 7 of the Dungeon.
You worshipped Makhleb.
Makhleb was pleased with you.
You visited 2 branches of the dungeon, and saw 8 of its levels.

You collected 188 gold pieces.

Inventory:

Hand Weapons
 a - a +1 war axe
 g - a +3 hand axe of electrocution (weapon)
   (You took it off an orc on level 6 of the Dungeon)
Armour
 c - a +0 kite shield (worn)
 w - a +0 chain mail (worn)
   (You took it off an orc warrior on level 7 of the Dungeon)
Wands
 i - a wand of enslavement (5)
   (You took it off an orc on level 3 of the Dungeon)
 v - a wand of acid (9)
   (You found it on level 7 of the Dungeon)
Scrolls
 e - a scroll of enchant weapon
 o - 3 scrolls of fog
 t - a scroll of teleportation
 u - a scroll of fear
 x - 2 scrolls of remove curse
 z - 2 scrolls of blinking
Potions
 d - a potion of might
 f - a potion of heal wounds {unknown}
 h - a potion of haste
 j - 3 potions of flight
 k - 3 potions of lignification
 l - 2 potions of ambrosia {unknown}
 m - a potion of berserk rage {unknown}
 n - a potion of magic {unknown}
 q - 2 potions of curing
 s - a potion of mutation {unknown}


   Skills:
 + Level 5.6 Fighting
 * Level 8.7 Axes
 + Level 6.7 Armour
 + Level 1.4 Dodging
 - Level 4.6 Shields
 + Level 5.5 Invocations
 + Level 5.5 Evocations


You had 8 spell levels left.
You didn't know any spells.
Your spell library was empty.

Dungeon Overview and Level Annotations

Branches:
Dungeon (7/15)             Temple (1/1) D:4

Altars:
Ashenzari
Cheibriados
Dithmenos
Elyvilon
Fedhas
Gozag
Hepliaklqana
Kikubaaqudgha
Makhleb
Nemelex Xobeh
Okawaru
Qazlal
Ru
Sif Muna
Trog
Uskayaw
Vehumet
Wu Jian
Xom
Yredelemnul
Zin
The Shining One

Shops:
D:5 ?

Annotations:
D:3 1 runed translucent door, Lanoc's ghost, weakling VSMo


Innate Abilities, Weirdness & Mutations

You are resistant to damage.
You can heal yourself by infusing magical energy.
You passively map the area around you.
You do not regenerate.


Message History

* * * LOW HITPOINT WARNING * * *
Something drains your vigour!
You feel as though you will be slow longer.
The manticore flicks its tail.
The volley of spikes hits something.
Something hits you!
* * * LOW HITPOINT WARNING * * *
Something drains your vigour!
You feel as though you will be slow longer.
You are too injured to fight recklessly!
You are too injured to fight recklessly!
You are too injured to fight recklessly!
You are too injured to fight recklessly!
You are too injured to fight recklessly!
You are too injured to fight recklessly!
You are too injured to fight recklessly!
You are too injured to fight recklessly!
You are too injured to fight recklessly!
You are too injured to fight recklessly!
You hit something. Lightning courses through something! Something hits you!
You die...

*,* * , , * , , ,
+ * , * * , , * ,
* , # * * * * *
,* , * *,##. + *
, , *#}":##, , *
** +# #:H{#+ ' *
, , , ,#.# ##@#
*, , , * * #.#
,##.## , ', , , *
#.###.## * * , ,
, #.#.## , , , ,
* **
*#####'#####* **
* , * #...#..#..#
*,* *, ,**
##..#....## *,* ,
* * #.........# ,
* *
#####..########.,
* ,


You could see a manticore.

Vanquished Creatures
  A two-headed ogre (D:6)
  An orc warrior (D:7)
  A black bear (D:6)
  4 ogres
  2 phantoms
  A centaur (D:5)
  3 bullfrogs
  2 scorpions (D:5)
  A killer bee (D:7)
  A howler monkey (D:4)
  A bullfrog zombie (D:5)
  2 quasits
  3 hounds
  A bullfrog skeleton (D:5)
  A gnoll shaman (D:7)
  7 orc priests
  2 iguanas
  3 orc wizards
  A worker ant (D:5)
  A hound zombie (D:6)
  A hound skeleton (D:5)
  A worker ant zombie (D:5)
  11 gnolls
  12 adders
  A shadow imp (D:6)
  2 white imps (D:5)
  An ufetubus (D:7)
  3 adder skeletons
  3 worms
  4 leopard geckos
  20 orcs
  3 bats
  2 giant cockroaches
  3 hobgoblins (D:3)
  4 jackals (D:3)
  2 kobolds
  3 quokkas
  2 ball pythons
  3 frilled lizards
  A jackal skeleton (D:6)
  A leopard gecko skeleton (D:4)
  A leopard gecko zombie (D:5)
  A rat (D:2)
124 creatures vanquished.

Vanquished Creatures (others)
  A worker ant (D:4)
  2 adders (D:4)
  An orc (D:4)
  A giant cockroach (D:4)
  A frilled lizard (D:4)
6 creatures vanquished.

Grand Total: 130 creatures vanquished

Notes
Turn   | Place    | Note
-------+----------+-------------------------------------------
     0 | D:1      | Flugslaktarn the Deep Dwarf Fighter began the quest for the
                  | Orb.
     0 | D:1      | Reached XP level 1. HP: 20/20 MP: 1/1
   230 | D:2      | Reached XP level 2. HP: 21/27 MP: 2/2
   284 | D:3      | Reached skill level 3 in Axes
   284 | D:3      | Reached XP level 3. HP: 27/34 MP: 3/3
   294 | D:3      | Reached XP level 4. HP: 37/42 MP: 4/4
   418 | D:3      | Found a runed translucent door.
   427 | D:3      | Noticed Lanoc's ghost (weakling VSMo)
   445 | D:3      | Reached skill level 4 in Axes
   445 | D:3      | Reached XP level 5. HP: 30/49 MP: 5/5
   508 | D:4      | Found a staircase to the Ecumenical Temple.
   528 | Temple   | Entered the Ecumenical Temple
   741 | D:4      | Noticed a phantom
   784 | D:4      | Killed a phantom
   784 | D:4      | Reached XP level 6. HP: 34/57 MP: 6/6
   942 | D:4      | Found a shimmering altar of Xom.
  1029 | D:4      | Reached skill level 5 in Axes
  1167 | D:4      | Found a sparkling altar of Nemelex Xobeh.
  1167 | D:4      | Found a basalt altar of Yredelemnul.
  1168 | D:4      | Found a shimmering blue altar of Sif Muna.
  1168 | D:4      | Found a bloodstained altar of Trog.
  1169 | D:4      | Found a sacrificial altar of Ru.
  1169 | D:4      | Found an opulent altar of Gozag.
  1169 | D:4      | Found a glowing silver altar of Zin.
  1169 | D:4      | Found a burning altar of Makhleb.
  1182 | D:4      | Became a worshipper of Makhleb the Destroyer
  1335 | D:5      | Entered Level 5 of the Dungeon
  1335 | D:5      | Found a basalt altar of Yredelemnul.
  1342 | D:5      | Reached skill level 1 in Invocations
  1342 | D:5      | Reached skill level 1 in Evocations
  1342 | D:5      | Reached XP level 7. HP: 56/64 MP: 6/6
  1433 | D:5      | Reached skill level 5 in Armour
  1502 | D:5      | Found Heuffiepp's Magic Scroll Shop.
  1517 | D:5      | Reached skill level 6 in Axes
  1568 | D:5      | Reached * piety under Makhleb
  2045 | D:6      | Reached XP level 8. HP: 35/73 MP: 9/9
  2064 | D:6      | Reached skill level 7 in Axes
  2237 | D:6      | Reached skill level 5 in Fighting
  2240 | D:6      | Noticed a two-headed ogre
  2245 | D:6      | Reached ** piety under Makhleb
  2265 | D:6      | Killed a two-headed ogre
  2265 | D:6      | Reached skill level 8 in Axes
  2265 | D:6      | Reached skill level 5 in Invocations
  2265 | D:6      | Reached skill level 5 in Evocations
  2265 | D:6      | Gained mutation: You passively map the area around you.
                  | [Deep Dwarf growth]
  2265 | D:6      | Reached XP level 9. HP: 51/81 MP: 11/11
  2537 | D:7      | Reached skill level 1 in Dodging
  2617 | D:7      | Noticed a manticore
  2625 | D:7      | Slain by a shadow wraith

Illustrated notes

Levels and vault maps discovered:
D:1:      ldierk_walled_garden, layout_loops_corners, minmay_3d_cube
D:2:      layout_loops_corners, serial_park_tiny_pond
D:3:      layout_rooms, ebering_ghost_sewer_d
D:4:      layout_basic, grunt_temple_overflow_open, xom_confusion_cloud,
          minmay_temple_entry_proselytizer
D:5:      layout_gridville, serial_shops, shop, minmay_ruined_shrine
D:6:      layout_rooms
D:7:      minmay_the_grid_plus_closed [minmay_the_grid_doors,
          minmay_the_grid_spikes, minmay_the_grid_plusring,
          minmay_the_grid_box_x, minmay_the_grid_prize_diamond_cup],
          layout_basic, serial_shops, shop, uniq_duvessa
Temple:   dshaligram_water_room_temple

Skill      XL: |  1  2  3  4  5  6  7  8  9 |
---------------+----------------------------+-----
Fighting       | 3 4 5 |  5.6
Axes           | 3 4 5 6 8 |  8.7
Armour         | 4 5 6 |  6.7
Shields        | 4 |  4.6
Invocations    | 1 3 5 |  5.5
Evocations     | 1 3 5 |  5.5
Dodging        | 1 |  1.4

Action                   |  1- 3 |  4- 6 |  7- 9 || total
-------------------------+-------+-------+-------++-------
Melee: War axe           |    32 |   160 |   137 ||   329
       Hand axe          |       |       |   107 ||   107
 Abil: Heal Wounds       |     1 |     4 |    16 ||    21
  Use: Scroll            |       |       |    16 ||    16
 Stab: Distracted        |       |       |     1 ||     1
Armor: Scale mail        |    15 |    76 |   135 ||   226
       Chain mail        |       |       |     8 ||     8
Dodge: Dodged            |     7 |    58 |    86 ||   151
Block: Kite shield       |    20 |   105 |   169 ||   294

Table legend: (Time is in decaauts)
 A = Elapsed time spent in this place.
 B = Non-inter-level travel time spent in this place.
 C = Inter-level travel time spent in this place.
 D = Time resting spent in this place.
 E = Time spent auto-exploring this place.
 F = Levels seen in this place.
 G = Mean time per level.
                   A        B        C        D        E       F      G
               +--------+--------+--------+--------+--------+-----+--------+
         Total |   2732 |   2620 |    112 |      0 |   1730 |   8 |  341.5 |
       Dungeon |   2599 |   2509 |     90 |      0 |   1621 |   7 |  371.3 |
        Temple |    132 |    110 |     22 |      0 |    109 |   1 |  132.0 |
               +--------+--------+--------+--------+--------+-----+--------+

Top non-repeatable levels by time:
     D:4: 737 daAuts
     D:5: 728 daAuts
     D:6: 412 daAuts
     D:3: 238 daAuts
     D:7: 185 daAuts
     D:1: 148 daAuts
     D:2: 147 daAuts
  Temple: 132 daAuts
